Map: Beckett Industries LE

Players

modigadi

  • Race: Protoss Protoss
  • League: Silver

Biohm - Winner!

  • Race: Zerg Zerg
  • League: Bronze

VOD

Have the link to the VOD?

Description

Time

  • Played on: May 7, 2021, 11:38 a.m.
  • Length: 9:00
Show
View Real Time Build Order
Export as new Build Order

modigadi Protoss 

Build Orders:  

Get SALT Encoding   

  12  0:03  Probe (Chrono Boost)  
  13  0:18  Pylon, Probe  
  14  0:31  Probe  
  15  0:43  Probe  
  15  0:47  Forge  
  16  0:52  Assimilator  
  16  0:55  Probe  
  17  0:59  Assimilator  
  17  1:05  Pylon  
  17  1:08  Probe (Chrono Boost)  
  18  1:18  Probe (Chrono Boost)  
  19  1:23  Probe (Chrono Boost)  
  20  1:34  Probe  
  21  1:44  Photon Cannon  
  21  1:47  Probe  
  22  1:57  Pylon  
  22  1:59  Probe  
  23  2:11  Probe  
  24  2:19  Pylon  
  24  2:21  Photon Cannon  
  24  2:23  Probe  
  25  2:32  Gateway  
  25  2:35  Probe (Chrono Boost)  
  27  2:44  Probe (Chrono Boost)  
  27  2:49  Probe (Chrono Boost)  
  27  2:59  Pylon  
  27  3:01  Photon Cannon, Probe  
  28  3:13  Probe  
  29  3:25  Probe  
  29  3:26  Cybernetics Core  
  30  3:27  Photon Cannon  
  30  3:34  Pylon  
  30  3:38  Probe  
  31  3:43  Gateway  
  31  3:49  Pylon  
  31  3:50  Probe (Chrono Boost)  
  31  3:52  Protoss Ground Weapons Level 1  
  32  4:01  Probe (Chrono Boost)  
  33  4:03  Warp Gate (Chrono Boost)  
  33  4:06  Probe (Chrono Boost)  
  34  4:13  Shield Battery  
  34  4:16  Probe  
  35  4:20  Photon Cannon  
  35  4:28  Stargate, Probe  
  36  4:34  Photon Cannon  
  36  4:45  Twilight Council  
  36  4:53  Assimilator  
  36  4:55  Shield Battery, Assimilator  
  36  5:00  Pylon  
  36  5:04  Pylon, Void Ray (Chrono Boost)  
  40  5:21  Pylon  
  40  5:27  Stargate  
  40  5:37  Photon Cannon  
  40  5:49  Dark Shrine  
  40  5:52  Protoss Air Weapons Level 1 (Chrono Boost)  
  40  6:00  Photon Cannon  
  40  6:04  Shield Battery  
  40  6:07  Protoss Ground Weapons Level 2  
  40  6:32  Probe (Chrono Boost)  
  41  6:36  Nexus  
  41  6:42  Probe (Chrono Boost)  
  41  6:44  Charge  
  41  6:46  Probe (Chrono Boost)  
  43  6:58  Probe  
  44  7:01  Shield Battery  
  44  7:06  Photon Cannon  
  44  7:07  Photon Cannon  
  44  7:10  Probe  
  44  7:15  Pylon  
  45  7:22  Photon Cannon  
  45  7:26  Void Ray (Chrono Boost)  
  49  7:48  Probe  
  47  8:00  Probe  
  47  8:02  Dark Templar  
  49  8:12  Probe  
  48  8:13  Dark Templar  
  50  8:30  Shield Battery  
  50  8:32  Dark Templar  
  51  8:52  Dark Templar  
Show
View Real Time Build Order
Export as new Build Order

Biohm Zerg - Winner!

Build Orders: Pool First 

Get SALT Encoding   

  12  0:02  Drone  
  13  0:13  Overlord  
  13  0:17  Drone  
  14  0:32  Drone x2  
  16  0:36  Drone  
  17  0:51  Spawning Pool  
  17  0:52  Drone  
  17  1:13  Hatchery  
  16  1:21  Drone  
  16  1:24  Extractor  
  16  1:27  Drone  
  16  1:28  Drone  
  18  1:45  Queen  
  18  1:46  Zergling x2  
  21  1:47  Overlord  
  21  1:54  Drone  
  22  2:06  Drone  
  23  2:20  Queen  
  25  2:28  Drone x2  
  25  2:29  Drone  
  28  2:40  Drone  
  28  2:41  Metabolic Boost  
  29  2:45  Drone  
  29  3:00  Drone  
  29  3:01  Drone x3  
  29  3:03  Overlord  
  33  3:09  Overlord  
  33  3:10  Drone  
  33  3:11  Drone  
  35  3:15  Roach Warren  
  34  3:20  Drone  
  35  3:33  Drone  
  35  3:34  Drone x3  
  39  3:42  Drone  
  39  3:44  Drone  
  41  4:10  Drone x2  
  43  4:24  Hatchery, Drone x5  
  45  4:25  Drone x2  
  45  4:27  Lair  
  49  4:33  Evolution Chamber  
  48  4:39  Queen  
  48  4:44  Extractor  
  49  4:46  Extractor  
  49  4:48  Extractor  
  49  4:51  Roach  
  49  4:52  Roach  
  51  5:02  Zerg Missile Weapons Level 1  
  51  5:30  Overlord x2  
  51  5:31  Overlord x2  
  51  5:35  Glial Reconstitution  
  51  5:55  Roach  
  51  5:56  Roach x10  
  73  6:15  Roach  
  73  6:16  Roach x7  
  73  6:17  Overlord x2  
  89  6:27  Spore Crawler  
  88  6:33  Spore Crawler  
  87  6:41  Roach x9, Overlord  
  87  6:42  Overlord  
  105  6:56  Zerg Ground Armor Level 1  
  105  7:12  Drone x13, Overlord  
  118  7:29  Overlord x2  
  118  7:31  Roach x4  
  118  7:34  Spire  
  123  8:00  Ravager x2  
  123  8:01  Ravager x2  
  125  8:28  Extractor  
Tags
 
Add a new tag
Caveats
  • Supply blocks, unpowered buildings, or Contaminate may cause inaccurate times.
  • Supply counts are checked every 10 seconds.